 Dungeon Crawl Stone Soup version 0.21.0-24-g2553a3340b (webtiles) character file.

91 Krosko the Shield-Bearer (level 4, -1/29 HPs)
             Began as a Gargoyle Fighter on Jan 20, 2018.
             Was an Initiate of Makhleb.
             Slain by a frilled lizard (2 damage)
             ... on level 3 of the Dungeon.
             The game lasted 00:09:29 (1223 turns).

Krosko the Shield-Bearer (Gargoyle Fighter)         Turns: 1223, Time: 00:09:30

Health: -1/29      AC: 10    Str: 21    XL:     4   Next: 59%
Magic:  4/4        EV:  7    Int:  8    God:    Makhleb [......]
Gold:   79         SH:  9    Dex:  9    Spells: 3/3 levels left

rFire    . . .     SeeInvis .   a - +0 flail
rCold    . . .     Gourm    .   c - +0 shield
rNeg     + . .     Faith    .   b - +0 scale mail
rPois    ∞         Spirit   .   (no helmet)
rElec    +         Reflect  .   (no cloak)
rCorr    .         Harm     .   (no gloves)
MR       .....                  (no boots)
Stlth    +.........             (no amulet)
HPRegen  0.09/turn              h - ring of stealth
MPRegen  0.09/turn              (no ring)

@: slowed, very slow
A: negative energy resistance 1, electricity resistance, unbreathing,
petrification resistance, rot immunity, AC +3
a: Renounce Religion


You were on level 3 of the Dungeon.
You worshipped Makhleb.
Makhleb was noncommittal.
You were not hungry.

You visited 1 branch of the dungeon, and saw 3 of its levels.

You collected 79 gold pieces.

Inventory:

Hand Weapons
 a - a +0 flail (weapon)
Armour
 b - a +0 scale mail (worn)
 c - a +0 shield (worn)
Jewellery
 h - a ring of stealth (left hand)
Scrolls
 e - 2 scrolls of identify
 g - a scroll of enchant weapon {unknown}
 i - a scroll of fog {unknown}
 j - a scroll of remove curse {unknown}
 l - a scroll of blinking {unknown}
 n - a scroll of amnesia {unknown}
Potions
 d - a potion of might
 k - a potion of curing {unknown}
 m - a potion of heal wounds
 o - a potion of magic {unknown}
Comestibles
 f - 4 rations


   Skills:
 + Level 3.6 Fighting
 + Level 3.0 Maces & Flails
 + Level 3.8 Armour
 + Level 0.5 Dodging
 + Level 0.2 Stealth
 + Level 4.1 Shields


You had 3 spell levels left.
You didn't know any spells.

Dungeon Overview and Level Annotations

Branches:
Dungeon (3/15)

Altars:
Makhleb
Trog
Vehumet
Xom
The Shining One

Annotations:
D:3 Natasha


Innate Abilities, Weirdness & Mutations

You are resistant to torment.
Your stone body is resilient. (AC +3)
You are immune to poison.
You resist negative energy. (rN+)
You are resistant to electric shocks. (rElec)
You can survive without breathing.
You are immune to petrification.
You are immune to rotting.


Message History

The puff of frost hits you!
* * * LOW HITPOINT WARNING * * *
The goblin hits you but does no damage. The shadow imp hits you.
* * * LOW HITPOINT WARNING * * *
The frilled lizard bites you but does no damage.
You block the shadow imp's attack. You block the white imp's attack.
You block the goblin's attack. The shadow imp gestures at you.
Pain shoots through your body!
* * * LOW HITPOINT WARNING * * *
You block the frilled lizard's attack.
You open the door. You block the goblin's attack.
You block the frilled lizard's attack.
The shadow imp hits you but does no damage.
Natasha claws you.
* * * LOW HITPOINT WARNING * * *
The goblin hits you but does no damage.
The white imp disappears in a puff of smoke!
You block Natasha's attack. The frilled lizard bites you.
You die...

....... ..........#
♣.........#
♣(.......#
♣........# .
#♣........#
..♣♣♣........5#####
............gh@...#
#..)......§wl###.#
#...........5#
######.####### #<#
###


You could see Natasha, a white imp, a shadow imp, a dart slug, a goblin and a
frilled lizard.

Vanquished Creatures
  A crimson imp (D:2)
  An ooze (D:2)
  A worm (D:2)
  4 dart slugs
  4 giant cockroaches
  4 goblins
  4 hobgoblins
  7 jackals (D:2)
  4 bats
  A frilled lizard (D:2)
  5 kobolds
  3 rats (D:1)
39 creatures vanquished.

Vanquished Creatures (others)
  A goblin (D:2)
1 creature vanquished.

Grand Total: 40 creatures vanquished

Notes
Turn   | Place    | Note
-------+----------+-------------------------------------------
     0 | D:1      | Krosko the Gargoyle Fighter began the quest for the Orb.
     0 | D:1      | Reached XP level 1. HP: 14/14 MP: 1/1
   147 | D:1      | Reached XP level 2. HP: 19/19 MP: 2/2
   423 | D:2      | Reached XP level 3. HP: 23/23 MP: 3/3
   445 | D:2      | Found a shimmering altar of Xom.
   474 | D:2      | Became a worshipper of Xom of Unknown Intent
   634 | D:2      | Found a burning altar of Makhleb.
   635 | D:2      | Found a bloodstained altar of Trog.
   635 | D:2      | Found a glowing golden altar of the Shining One.
   636 | D:2      | Found a radiant altar of Vehumet.
   650 | D:2      | XOM: potion effect (invisibility)
   657 | D:2      | Reached skill level 4 in Shields
   657 | D:2      | Reached XP level 4. HP: 21/29 MP: 4/4
   672 | D:2      | Fell from the grace of Xom
   672 | D:2      | Became a worshipper of Makhleb the Destroyer
  1208 | D:3      | Noticed Natasha
  1222 | D:3      | HP: 1/29 [Natasha (1)]
  1223 | D:3      | Slain by a frilled lizard

Skill      XL: |  1  2  3  4 |
---------------+-------------+-----
Shields        | 4 |  4.1
Maces & Flails | 3 |  3.0
Fighting       | |  3.6
Armour         | |  3.8
Dodging        | |  0.5
Stealth        | |  0.2

Action                   |  1- 3 |  4- 6 || total
-------------------------+-------+-------++-------
Melee: Flail             |   103 |    36 ||   139
  Use: Scroll            |       |     1 ||     1
 Stab: Invisible         |     1 |       ||     1
  Eat: Chunk             |       |     1 ||     1
Armor: Scale mail        |    51 |    34 ||    85
Dodge: Dodged            |    28 |    17 ||    45
Block: Shield            |    56 |    41 ||    97
